 Dungeon Crawl Stone Soup version 0.19.0-19-g8c6edcc (webtiles) character file.

91548 dobroeutro the Crack Shot (level 15, -4/130 HPs)
             Began as a Centaur Hunter on Nov 14, 2016.
             Was the Champion of Okawaru.
             Slain by Agnes
             ... wielding a +2 lajatang of pain
              (6 damage)
             ... on level 14 of the Dungeon.
             The game lasted 00:48:06 (26719 turns).

dobroeutro the Crack Shot (Centaur Hunter)         Turns: 26719, Time: 00:48:07

Health: -4/130     AC: 22    Str: 23    XL:     15   Next: 55%
Magic:  16/16      EV: 11    Int: 10    God:    Okawaru [******]
Gold:   1090       SH:  0    Dex:  9    Spells: 0 memorised, 14 levels left

rFire  + . .     SeeInvis +     L - +3 longbow (flame)
rCold  + + .     Gourm    .     Y - +3 chain mail {rF+}
rNeg   . . .     Faith    .     (shield currently unavailable)
rPois  +         Spirit   .     y - +0 helmet
rElec  .         Reflect  .     F - +1 cloak {+Inv}
rCorr  .         Harm     .     h - +0 pair of gloves "Vuntutzush" {*Corrode rC+ Str+8 Dex-3}
MR     +....                    s - +2 centaur barding {Stlth+}
Stlth  ..........               (no amulet)
                                j - +4 ring of evasion
                                S - ring of Edushr Paluq {rC+ Str-4 SInv}

@: about to teleport, corroded, very quick
A: hooves 3, deformed body, speed 2, high mp 1, poison resistance, tough skin 3
a: Heroism, Finesse, Renounce Religion, Evoke Invisibility


You were on level 14 of the Dungeon.
You worshipped Okawaru.
Okawaru was exalted by your worship.
You were not hungry.

You visited 2 branches of the dungeon, and saw 20 of its levels.
You also visited: Volcano.

You collected 1501 gold pieces.
You spent 411 gold pieces at shops.

Inventory:

Hand Weapons
 b - a +0 short sword
 L - a +3 longbow of flaming (weapon)
Missiles
 d - 244 arrows (quivered)
Armour
 h - the +0 pair of gloves "Vuntutzush" (worn) {*Corrode rC+ Str+8 Dex-3}
   (Okawaru gifted it to you on level 14 of the Dungeon)

   It affects your strength (+8).
   It affects your dexterity (-3).
   It protects you from cold.
   It may corrode you when you take damage.
 s - a +2 centaur barding of stealth (worn)
 y - a +0 helmet (worn)
 F - a +1 cloak of invisibility (worn)
 P - quicksilver dragon scales
 R - a +1 chain mail of cold resistance
 W - the +8 chain mail of the Chupacabra {rPois Str-4 Dex+4}
   (Okawaru gifted it to you in a volcano)

   It affects your strength (-4).
   It affects your dexterity (+4).
   It protects you from poison.
 X - a +4 plate armour of fire resistance
 Y - a +3 chain mail of fire resistance (worn)
Jewellery
 j - a +4 ring of evasion (right hand)
 q - an uncursed ring of see invisible
 t - an uncursed ring of protection from cold
 S - the ring of Edushr Paluq (left hand) {rC+ Str-4 SInv}
   (You found it on level 11 of the Dungeon)

   [ring of strength]

   It affects your strength (-4).
   It protects you from cold.
   It lets you see invisible.
 Z - a +6 ring of strength
Wands
 a - a wand of lightning (8/15)
 c - a wand of disintegration (13/24)
 v - a wand of paralysis (10/24)
 z - a wand of flame (28/48)
 I - a wand of acid (5/15)
Scrolls
 e - 3 scrolls of amnesia
 l - a scroll of blinking
 n - a scroll of enchant armour
 o - a scroll of brand weapon
 w - 7 scrolls of recharging
 x - 10 scrolls of identify
 B - 2 scrolls of fear
 E - 2 scrolls of fog
 K - 2 scrolls of magic mapping
 N - 7 scrolls of remove curse
 U - 4 scrolls of teleportation
Potions
 g - 10 potions of agility
 i - 6 potions of cancellation
 k - 10 potions of heal wounds
 m - 4 potions of haste
 r - 14 potions of curing
 u - a potion of beneficial mutation
 C - a potion of invisibility
 D - a potion of might
 H - a potion of flight
 J - 6 potions of brilliance
 M - 2 potions of ambrosia
 T - 3 potions of berserk rage
 V - 5 potions of resistance
Miscellaneous
 O - a lamp of fire
Comestibles
 f - 7 bread rations
 p - 23 fruits
 A - 7 meat rations
 Q - 8 royal jellies


   Skills:
 + Level 11.5 Fighting
 * Level 23.4 Bows
 + Level 9.0 Armour
 + Level 9.4 Dodging
 - Level 0.4 Stealth


You had 14 spell levels left.
You didn't know any spells.

Dungeon Overview and Level Annotations

Branches:
Dungeon (14/15)            Temple (0/1) D:7            Lair (6/6) D:11
  Swamp (0/4) Lair:2       Spider (0/4) Lair:3        Slime (0/5) Lair:6
    Orc (0/2) D:11         Vaults (0/5) D:14

Altars:
Ashenzari
Cheibriados
Dithmenos
Gozag
Nemelex Xobeh
Okawaru
Qazlal
Sif Muna
Trog
Vehumet
Yredelemnul
Zin
The Shining One
Jiyva

Shops:
D:4 (%=((

Annotations:
D:12 Kirke
D:14 Agnes
Lair:1 exclusion: 2 oklob plants


Innate Abilities, Weirdness & Mutations

You have hooves in place of feet.
Armour fits poorly on your strangely shaped body.
You cover ground very quickly.
You have extremely tough skin. (AC +3)
You have an increased reservoir of magic. (+10% MP)
Your system is resistant to poisons. (rPois)


Message History

Agnes hits you with a lajatang of pain!
Firing (i - inventory):
d - 245 arrows (quivered)
Press: ? - help, Shift-Dir - straight line, f/p - Agnes
Aim: Agnes, wielding a lajatang of pain and wearing a robe (moderately wounded)
You shoot an arrow. The arrow misses Agnes.
Agnes hits you but does no damage.
You writhe in agony.
Agnes barely misses you. Agnes hits you with a lajatang of pain!
* * * LOW HITPOINT WARNING * * *
You writhe in agony.
* * * LOW HITPOINT WARNING * * *
As you read the scroll of teleportation, it crumbles to dust.
You feel strangely unstable. Agnes hits you with a lajatang of pain!
* * * LOW HITPOINT WARNING * * *
You writhe in agony.
* * * LOW HITPOINT WARNING * * *
Agnes hits you with a lajatang of pain!
* * * LOW HITPOINT WARNING * * *
You writhe in agony.
You die...

#......... #........#
#.###.###.###.#######
###.# .##.# #......#
#...# .#.# ######.#
#...# ..# #####'##
#...# #.# #.......
#...# #.## #.......
#...#######..# #.......
#....i@...)).###.......
#........##..).'.......
#........#######(.(....
#######'## ##'#####
##..# #.#### #..##
#....# #.## #######'##
######'### #.........
#........#
####.........


You could see Agnes.

Vanquished Creatures
  The ghost of Nicoed the Fighter, a journeyman OgFi of Yredelemnul (D:9)
  Harold (D:12)
  An ice dragon (D:11)
  8 hydras
  Fannar (D:12)
  2 centaur warriors
  A dancing weapon (Volcano)
  Erica (D:8)
  24 death yaks
  2 tengu warriors (D:13)
  Urug (D:11)
  Sonja (Lair:3)
  An unseen horror (D:14)
  6 hill giants
  4 wizards (Volcano)
  Pikel (D:7)
  2 deep elf magi
  A cyclops (D:12)
  6 ugly things
  A wolf spider (Lair:6)
  A centaur zombie (D:13)
  10 black mambas
  29 elephants
  A guardian serpent (Lair:6)
  4 ice statues (D:11)
  A torpor snail (Lair:5)
  5 toenail golems (Volcano)
  2 gargoyles (D:10)
  A centaur skeleton (D:12)
  14 spiny frogs
  4 kobold demonologists (D:14)
  2 efreet (D:14)
  2 komodo dragons (Lair:2)
  4 rime drakes
  4 trolls
  2 jumping spiders (Lair:3)
  A polar bear (Lair:6)
  5 hornets
  3 two-headed ogres
  12 dream sheep
  12 blink frogs
  8 hippogriffs
  5 redbacks
  2 vampires
  A shadow (D:14)
  9 wyverns
  A centaur simulacrum (D:14)
  24 yaks
  5 basilisks
  A water elemental (D:11)
  5 hogs
  6 vampire mosquitoes
  3 hungry ghosts
  A mottled dragon (D:13)
  6 porcupines
  14 water moccasins
  A black bear (D:10)
  17 ice beasts
  A sky beast (D:10)
  2 slaves (D:7)
  An eye of draining (D:7)
  4 orc warriors
  3 ogres
  15 wolves
  2 phantoms
  6 centaurs
  9 crocodiles
  4 big kobolds
  13 bullfrogs
  A gnoll sergeant (D:9)
  A wyvern skeleton (D:7)
  3 scorpions
  13 killer bees
  4 wights (D:10)
  6 howler monkeys
  4 electric eels (D:11)
  3 bullfrog zombies
  5 crimson imps
  3 quasits
  5 orc priests
  7 jellies
  A gnoll shaman (D:8)
  7 orc wizards
  Jessica (D:2)
  3 iguanas
  14 worker ants
  Ijyb (D:3)
  A hound skeleton (D:5)
  3 hound zombies
  A howler monkey skeleton (D:6)
  16 gnolls
  20 adders
  2 shadow imps
  5 oozes (D:9)
  2 adder zombies
  An adder skeleton (D:6)
  3 worms
  2 dart slugs
  4 leopard geckos
  49 orcs
  7 giant cockroaches
  4 goblins
  12 hobgoblins
  3 jackals (D:1)
  3 quokkas
  5 ball pythons
  6 bats
  4 frilled lizards
  A jackal skeleton (D:5)
  23 kobolds
  2 quokka skeletons
  A quokka zombie (D:8)
  A rat (D:3)
  A spectral orc (D:5)
618 creatures vanquished.

Vanquished Creatures (others)
  An unseen horror (D:14)
  A wizard (Volcano)
  2 slaves (D:7)
  An adder (D:7)
  18 fungi
  15 plants
38 creatures vanquished.

Grand Total: 656 creatures vanquished

Notes
Turn   | Place    | Note
-------+----------+-------------------------------------------
     0 | D:1      | dobroeutro the Centaur Hunter began the quest for the Orb.
     0 | D:1      | Reached XP level 1. HP: 17/17 MP: 1/1
   139 | D:1      | Reached XP level 2. HP: 10/24 MP: 2/2
   186 | D:1      | Reached skill level 6 in Bows
  1088 | D:1      | Reached XP level 3. HP: 11/29 MP: 3/3
  1336 | D:2      | Found a shadowy altar of Dithmenos.
  1447 | D:2      | Noticed Jessica
  1872 | D:2      | Killed Jessica
  1872 | D:2      | Reached skill level 7 in Bows
  1872 | D:2      | Reached XP level 4. HP: 20/36 MP: 4/4
  1893 | D:2      | Found a shattered altar of Ashenzari.
  2057 | D:2      | Found a snail-covered altar of Cheibriados.
  2666 | D:2      | Reached skill level 8 in Bows
  3200 | D:3      | Noticed Ijyb
  3219 | D:3      | Killed Ijyb
  3219 | D:3      | Reached XP level 5. HP: 33/41 MP: 5/5
  4034 | D:4      | Found Vibaleh's Jewellery Shop.
  4053 | D:4      | Found Waenuj's Weapon Emporium.
  4082 | D:4      | Found Eliwk's Antique Weapon Shoppe.
  4157 | D:4      | Reached skill level 9 in Bows
  4203 | D:4      | Found Ymulukko's Weapon Boutique.
  4375 | D:4      | Found an iron altar of Okawaru.
  4383 | D:4      | Became a worshipper of Warmaster Okawaru
  4513 | D:4      | Found a deep blue altar of Sif Muna.
  4551 | D:4      | Found Fenkuhyme's Food Emporium.
  4688 | D:5      | Entered Level 5 of the Dungeon
  4773 | D:5      | Found a glowing golden altar of the Shining One.
  5099 | D:5      | Reached XP level 6. HP: 48/48 MP: 6/6
  5352 | D:5      | Found a basalt altar of Yredelemnul.
  5517 | D:4      | Bought a glowing longbow for 231 gold pieces
  5653 | D:6      | Reached skill level 10 in Bows
  6127 | D:6      | Found a radiant altar of Vehumet.
  6145 | D:6      | Reached XP level 7. HP: 50/55 MP: 7/7
  6228 | D:6      | Reached skill level 11 in Bows
  6299 | D:5      | Reached * piety under Okawaru
  6690 | D:6      | Found a sparkling altar of Nemelex Xobeh.
  6850 | D:7      | Found a glowing golden altar of the Shining One.
  6867 | D:7      | Reached skill level 12 in Bows
  7269 | D:7      | Reached XP level 8. HP: 61/61 MP: 8/8
  7331 | D:7      | Noticed Pikel
  7427 | D:6      | Reached skill level 13 in Bows
  7451 | D:7      | Reached ** piety under Okawaru
  7824 | D:7      | Found a staircase to the Ecumenical Temple.
  8030 | D:7      | Killed Pikel
  8030 | D:7      | Reached *** piety under Okawaru
  8030 | D:7      | Reached skill level 14 in Bows
  8051 | D:7      | Reached skill level 15 in Bows
  8099 | D:7      | Found a bloodstained altar of Trog.
  8107 | D:7      | Reached XP level 9. HP: 49/67 MP: 9/9
  8730 | D:8      | Reached skill level 1 in Armour
  8846 | D:8      | Noticed Erica
  9002 | D:4      | Bought an uncursed ring of see invisible for 180 gold pieces
  9352 | D:8      | Killed Erica
  9694 | D:9      | Received a gift from Okawaru
  9718 | D:9      | Noticed Nicoed's ghost (journeyman OgFi)
  9809 | D:9      | Killed Nicoed's ghost
  9809 | D:9      | Reached **** piety under Okawaru
  9809 | D:9      | Reached skill level 16 in Bows
  9809 | D:9      | Reached XP level 10. HP: 18/79 MP: 10/10
 10200 | D:9      | Found a stormy altar of Qazlal.
 10228 | D:9      | Noticed a deep elf mage
 10230 | D:9      | Killed a deep elf mage
 10230 | D:9      | Received a gift from Okawaru
 10556 | D:9      | Received a gift from Okawaru
 10561 | D:9      | Identified a scroll of acquirement
 10836 | D:9      | Reached skill level 5 in Fighting
 10900 | D:9      | Noticed an angel
 10901 | D:9      | Found a glowing silver altar of Zin.
 10915 | D:10     | Entered Level 10 of the Dungeon
 11025 | D:10     | Found a sparkling altar of Nemelex Xobeh.
 11194 | D:10     | Reached skill level 17 in Bows
 11513 | D:10     | Reached ***** piety under Okawaru
 11544 | D:10     | Noticed a gargoyle
 11554 | D:10     | Killed a gargoyle
 11610 | D:10     | Received a gift from Okawaru
 11684 | D:10     | Noticed a gargoyle
 11717 | D:10     | Killed a gargoyle
 11933 | D:11     | Found a staircase to the Orcish Mines.
 12019 | D:11     | Received a gift from Okawaru
 12066 | D:11     | Reached XP level 11. HP: 74/89 MP: 11/11
 12085 | D:11     | Noticed Urug
 12095 | D:11     | Killed Urug
 12538 | D:11     | Got a scorched granite ring
 12543 | D:11     | Found a staircase to the Lair.
 12798 | D:11     | Reached skill level 5 in Dodging
 13130 | D:11     | Reached skill level 18 in Bows
 13395 | D:11     | Noticed an ice dragon
 13413 | D:11     | Killed an ice dragon
 13430 | D:11     | Identified the cursed ring of Edushr Paluq {rC+ Str-4 SInv} (You found it on level 11 of the Dungeon)
 13485 | D:11     | Got a faintly glowing robe
 13496 | D:11     | Identified the cursed +0 robe of the Spider Nest {rPois Str+5 Dex-3 Stlth+} (You found it on level 11 of the Dungeon)
 13533 | D:11     | Noticed a hill giant
 13551 | D:11     | Killed a hill giant
 14020 | D:12     | Noticed Kirke
 14071 | Lair:1   | Entered Level 1 of the Lair of Beasts
 14108 | Lair:1   | Noticed an oklob plant
 14110 | Lair:1   | Noticed an oklob plant
 14148 | Lair:1   | Noticed a seven-headed hydra
 14155 | Lair:1   | Killed a seven-headed hydra
 14155 | Lair:1   | Reached ****** piety under Okawaru
 14155 | Lair:1   | Reached skill level 5 in Armour
 14699 | Lair:2   | Found a dark tunnel.
 14704 | Volcano  | Entered a volcano
 14717 | Volcano  | Noticed a wizard
 14726 | Volcano  | Received a gift from Okawaru
 14744 | Volcano  | Killed a wizard
 14744 | Volcano  | Reached XP level 12. HP: 99/100 MP: 12/12
 15329 | Volcano  | Reached skill level 19 in Bows
 15554 | Volcano  | Received a gift from Okawaru
 15559 | Volcano  | Got an obsidian-encrusted chain mail {god gift}
 15570 | Volcano  | Identified the +8 chain mail of the Chupacabra {rPois Str-4 Dex+4} (Okawaru gifted it to you in a volcano)
 15733 | Lair:2   | Noticed an eight-headed hydra
 15739 | Lair:2   | Killed an eight-headed hydra
 16453 | Lair:2   | Found a staircase to the Swamp.
 16844 | Lair:3   | Found a hole to the Spider Nest.
 16946 | Lair:3   | Reached skill level 20 in Bows
 17146 | Lair:3   | Noticed Sonja
 17151 | Lair:3   | Noticed a death yak
 17151 | Lair:3   | Noticed a death yak
 17153 | Lair:3   | Noticed a death yak
 17156 | Lair:3   | Noticed a death yak
 17156 | Lair:3   | Noticed a death yak
 17615 | Lair:3   | Killed Sonja
 17615 | Lair:3   | Received a gift from Okawaru
 18008 | Lair:3   | Killed a death yak
 18045 | Lair:3   | Killed a death yak
 18045 | Lair:3   | Reached XP level 13. HP: 108/108 MP: 13/13
 18891 | Lair:4   | Received a gift from Okawaru
 19849 | Lair:5   | Reached skill level 21 in Bows
 20391 | Lair:5   | Received a gift from Okawaru
 20792 | Lair:5   | Reached XP level 14. HP: 111/119 MP: 14/14
 20959 | Lair:6   | Entered Level 6 of the Lair of Beasts
 21247 | Lair:6   | Reached skill level 10 in Fighting
 21840 | Lair:6   | Reached skill level 22 in Bows
 21852 | Lair:6   | Received a gift from Okawaru
 22603 | Lair:6   | Received a gift from Okawaru
 22652 | Lair:6   | Found a viscous altar of Jiyva.
 22652 | Lair:6   | Found a staircase to the Slime Pits.
 22898 | Lair:6   | Received a gift from Okawaru
 24064 | D:12     | Reached XP level 15. HP: 129/129 MP: 15/15
 24296 | D:12     | Noticed Fannar
 24304 | D:12     | Killed Fannar
 24583 | D:12     | Noticed a sphinx
 24638 | D:12     | Noticed Harold
 25012 | D:12     | Killed Harold
 25235 | D:13     | Gained mutation: Your mind is acute. (Int +2) [mutagenic meat]
 25236 | D:13     | Gained mutation: Your system is resistant to poisons. (rPois) [mutagenic meat]
 25334 | D:13     | Reached skill level 23 in Bows
 25459 | D:13     | Found an opulent altar of Gozag.
 25565 | D:13     | Found Uhio's Distillery.
 25569 | D:13     | Received a gift from Okawaru
 25978 | D:14     | Received a gift from Okawaru
 26024 | D:14     | Found a gate to the Vaults.
 26337 | D:14     | Received a gift from Okawaru
 26460 | D:14     | Received a gift from Okawaru
 26463 | D:14     | Got a pair of ichor-stained gloves {god gift}
 26469 | D:14     | Identified the +0 pair of gloves "Vuntutzush" {*Corrode rC+ Str+8 Dex-3} (Okawaru gifted it to you on level 14 of the Dungeon)
 26482 | D:14     | Gained mutation: You have an increased reservoir of magic. (+10% MP) [mutagenic meat]
 26483 | D:14     | Lost mutation: Your mind is acute. (Int +2) [mutagenic meat]
 26694 | D:14     | Noticed Agnes
 26719 | D:14     | HP: 2/130 [Agnes/lajatang of pain (13)]
 26719 | D:14     | Slain by Agnes

Skill      XL: |  1  2  3  4  5  6  7  8  9 10 11 12 13 14 15 |
---------------+----------------------------------------------+-----
Bows           | 6 7 8 9 10 12 15 16 17 18 20 21 22 23 | 23.4
Armour         | 2 3 5 6 7 8 9 |  9.0
Dodging        | 3 4 5 6 8 9 |  9.4
Fighting       | 4 5 7 8 9 11 | 11.5
Stealth        | |  0.4

Action                   |  1- 3 |  4- 6 |  7- 9 | 10-12 | 13-15 || total
-------------------------+-------+-------+-------+-------+-------++-------
Melee: Short sword       |   119 |   364 |    71 |       |       ||   554
       Kick              |    21 |    77 |    22 |       |       ||   120
       Unarmed           |       |       |       |       |     3 ||     3
 Fire: Shortbow          |     9 |    22 |       |       |       ||    31
       Longbow           |       |    27 |   266 |   672 |  1266 ||  2231
Invok: Heroism           |       |       |       |     1 |     1 ||     2
Evoke: Wand              |       |     3 |       |       |       ||     3
       Lamp of fire      |       |       |       |     1 |       ||     1
  Use: Scroll            |     2 |     9 |     5 |    19 |     3 ||    38
       Potion            |       |       |       |     2 |     1 ||     3
  Eat: Chunk             |     2 |     8 |     9 |     8 |    17 ||    44
       Fruit             |       |     2 |       |       |       ||     2
       Royal jelly       |       |     1 |       |     4 |       ||     5
       Beef jerky        |       |       |       |     1 |       ||     1
       Bread ration      |       |       |       |     1 |       ||     1
       Meat ration       |       |       |       |       |     2 ||     2
       Pizza             |       |       |       |       |     1 ||     1
Armor: Leather armour    |    31 |       |       |       |       ||    31
       Ring mail         |     9 |    50 |       |       |       ||    59
       Scale mail        |       |   102 |    65 |    34 |       ||   201
       Quicksilver drago |       |       |       |    15 |     3 ||    18
       Chain mail        |       |       |       |    20 |   294 ||   314
Dodge: Dodged            |    81 |   250 |   101 |   112 |   202 ||   746
